 Dungeon Crawl Stone Soup version 0.31.0 (webtiles) character file.

Game seed: 10323354201811591920

39 Daunt the Trooper (level 3, -1/34 HPs)
             Began as a Minotaur Wanderer on Jan 19, 2024.
             Slain by Robin
             ... wielding a +0 mace
              (6 damage)
             ... on level 2 of the Dungeon.
             The game lasted 00:02:31 (1122 turns).

Daunt the Trooper (Minotaur Wanderer)               Turns: 1122, Time: 00:02:32

Health: -1/34      AC:  3    Str: 16    XL:     3   Next: 26%
Magic:  3/3        EV: 11    Int:  9    God:
Gold:   55         SH:  0    Dex: 11    Spells: 3/4 levels left

rFire   . . .        a - +1 short sword
rCold   . . .        (no shield)
rNeg    . . .        c - +0 leather armour
rPois   .            (helmet restricted)
rElec   .            (no cloak)
rCorr   .            (no gloves)
SInv    .            (no boots)
Will    .....        (no amulet)
Stlth   +            g - ring of flight
HPRegen 0.25/turn    (no ring)
MPRegen 0.08/turn

%: no passive effects
@: flying
A: horns 2, retaliatory headbutt
a: no special abilities


You were on level 2 of the Dungeon.
You visited 1 branch of the dungeon, and saw 2 of its levels.

You collected 55 gold pieces.

Inventory:

Hand Weapons
 a - a +1 short sword (weapon)
Missiles
 h - 13 stones
Armour
 c - a +0 leather armour (worn)
 j - the +0 robe "Wocit" {rF++ rC+ Str-2}
   (You found it on level 2 of the Dungeon)

   Str-2:     It affects your strength (-2).
   rF++:      It greatly protects you from fire.
   rC+:       It protects you from cold.
Jewellery
 g - a ring of flight (left hand)
Scrolls
 b - a scroll of blinking
 e - a scroll of identify {unknown}
 i - a scroll of fear {unknown}
 k - a scroll of teleportation {unknown}
 m - 2 scrolls of revelation {unknown}
Potions
 d - a potion of mutation {unknown}
 f - 2 potions of curing {unknown}
 l - a potion of resistance {unknown}


   Skills:
 + Level 4.5 Fighting
 - Level 1.1 Short Blades
 - Level 1.2 Armour
 - Level 1.0 Stealth
 - Level 1.0 Spellcasting
 - Level 2.1 Alchemy
 - Level 1.0 Evocations


You had 3 spell levels left.
You knew the following spells:

 Your Spells              Type           Power      Damage    Failure   Level
a - Sting                 Conj/Alch      8%         1d3       28%         1

Your spell library contained the following spells:

 Spells                   Type           Power      Damage    Failure   Level
 Cigotuvi's Dreadful Rot  Necr/Alch/Air  2%         N/A       45%         2
 Leda's Liquefaction      Alch/Erth      1%         N/A       96%         4


Dungeon Overview and Level Annotations

Branches:
Dungeon (2/15)

Altars:

Annotations:
D:2 Robin


Innate Abilities, Weirdness & Mutations

You have a pair of horns on your head.
You reflexively headbutt those who attack you in melee.


Message History

The goblin hits you but does no damage.
You hit Robin but do no damage. Your headbutt misses Robin.
Robin hits you with a +0 mace!
* * * LOW HITPOINT WARNING * * *
The goblin hits you with a +0 dagger.
* * * LOW HITPOINT WARNING * * *
Unknown command.
Unknown command.
You closely miss Robin. Robin hits you with a +0 mace.
* * * LOW HITPOINT WARNING * * *
The goblin hits you but does no damage.
Unknown command.
Unknown command.
Unknown command.
You hit Robin.
Robin is moderately wounded.
Robin closely misses you. The goblin hits you with a +0 dagger.
* * * LOW HITPOINT WARNING * * *
Unknown command.
You closely miss Robin. Your headbutt misses Robin.
Robin is moderately wounded.
Robin roars a battlecry!
The goblin goes into a battle-frenzy!
The goblin misses you. You furiously retaliate!
You headbutt the goblin.
Unknown command.
Unknown command.
Unknown command.
You barely miss Robin.
Robin is moderately wounded.
A goblin comes into view. It is wielding a +1 dagger of venom.
Robin hits you but does no damage. The goblin hits you but does no damage.
Unknown command.
Unknown command.
Unknown command.
Unknown command.
You closely miss Robin.
Robin is moderately wounded.
Robin hits you with a +0 mace.
You die...
Robin calls out, "Let's celebrate!
Time for a feast!"

#g# ####g#
#....#. ###
#....#. #..
#....#..#..
#....#
.#.##
#..))# ...
#...g####g#
#.......#@#
######'##g#
#.....†..g#
#......)..#
#.........#
#.........#
#.........#
#.........#
#.........#


You could see Robin and 2 goblins.

Vanquished Creatures
  2 dart slugs
  A ribbon worm (D:2)
  2 ball pythons (D:1)
  2 bats (D:1)
  4 endoplasms
  4 goblins (D:2)
  4 hobgoblins
  3 jackals (D:1)
  3 kobolds
  A quokka (D:1)
  A frilled lizard (D:1)
  3 rats (D:1)
30 creatures vanquished.

Notes
Turn   | Place    | Note
-------+----------+-------------------------------------------
     0 | D:1      | Daunt the Minotaur Wanderer began the quest for the Orb.
     0 | D:1      | Daunt set off with the following items: a +1 short sword, a
                  | scroll of blinking, a +0 leather armour; and the following
                  | spell memorised: Sting; and the following spells available
                  | to memorise: Cigotuvi's Dreadful Rot, Leda's Liquefaction.
     0 | D:1      | Reached XP level 1. HP: 18/18 MP: 1/1
    56 | D:1      | Reached skill level 3 in Fighting
   101 | D:1      | Reached XP level 2. HP: 26/26 MP: 2/2
   211 | D:1      | Found a faded altar of an unknown god.
   420 | D:1      | Reached skill level 4 in Fighting
   879 | D:2      | Identified the +0 robe "Wocit" {rF++ rC+ Str-2}
   945 | D:2      | Reached XP level 3. HP: 4/34 MP: 3/3
  1096 | D:2      | Identified the +1 helmet "Moholeq" {rF+ Int-2 Dex+4}
  1096 | D:2      | Noticed Robin
  1122 | D:2      | Slain by Robin

Illustrated notes

Levels and vault maps discovered:
D:1:      eino_arrival_cavern_a, layout_basic, ebering_ecumenical_altar_box
D:2:      layout_basic, columned_hall_lemuel, serial_bayou_pond_e, uniq_robin

Skill      XL: |  1  2 |
---------------+-------+-----
Fighting       | 3 4 |  4.5
Short Blades   | |  1.1
Armour         | |  1.2
Stealth        | |  1.0
Spellcasting   | |  1.0
Alchemy        | |  2.1
Evocations     | |  1.0

Action                     || total
---------------------------++-------
  Melee: Short sword       ||    91
         Headbutt          ||    14
   Stab: Sleeping          ||     1
 Armour: Leather armour    ||    65
  Dodge: Dodged            ||    40
